 Dungeon Crawl Stone Soup version 0.26.0-16-gc1dbca0489 (webtiles) character file.

Game seed: 10315694200679719317

2857 teolandon225 the Covert (level 9, 0/39 HPs)
             Began as a Spriggan Enchanter on Jan 21, 2021.
             Was a Believer of Dithmenos.
             Killed from afar by an electric eel (17 damage)
             ... with a bolt of electricity
             ... on level 6 of the Dungeon.
             The game lasted 00:22:35 (14065 turns).

teolandon225 the Covert (Spriggan Enchanter)       Turns: 14065, Time: 00:22:36

Health: 0/39       AC:  3    Str:  4    XL:     9   Next: 47%
Magic:  14/14      EV: 24    Int: 20    God:    Dithmenos [**....]
Gold:   331        SH:  0    Dex: 16    Spells: 2/13 levels left

rFire    . . .     SeeInvis +   a - +2 dagger
rCold    . . .     Faith    .   (shield restricted)
rNeg     . . .     Spirit   .   u - +1 robe
rPois    .         Reflect  .   (helmet restricted)
rElec    .         Harm     .   (no cloak)
rCorr    .         Rampage  .   (gloves unavailable)
Will     +....                  (boots unavailable)
Stlth    ++++......             (no amulet)
HPRegen  0.13/turn              (no ring)
MPRegen  0.14/turn              (no ring)

@: wreathed by umbra, slow
A: very small, unfitting armour, see invisible, speed 3
a: Renounce Religion, Shadow Step


You were on level 6 of the Dungeon.
You worshipped Dithmenos.
Dithmenos was pleased with you.
You visited 2 branches of the dungeon, and saw 7 of its levels.

You collected 331 gold pieces.

Inventory:

Hand Weapons
 a - a +2 dagger (weapon)
 b - the +3 hunting sling of Qucvul {freeze, Str+5 Int+6 Dex+2}
   (You found it on level 4 of the Dungeon)

   It causes projectiles fired from it to freeze those they strike, causing
   extra injury to most foes and up to half again as much damage against
   particularly susceptible opponents.
   They can also slow down cold-blooded creatures.
   It affects your strength (+5).
   It affects your intelligence (+6).
   It affects your dexterity (+2).
 n - a +0 short sword of speed
Missiles
 v - 212 stones
Armour
 u - a +1 robe (worn)
Jewellery
 e - an uncursed ring of resist corrosion {unknown}
Wands
 q - a wand of digging (1)
Scrolls
 c - 2 scrolls of blinking
 i - a scroll of enchant weapon
 k - 3 scrolls of teleportation
 o - a scroll of fear
 p - a scroll of vulnerability {unknown}
 r - a scroll of enchant armour
 s - a scroll of amnesia
 w - a scroll of fog
 y - a scroll of identify
 A - 3 scrolls of immolation {unknown}
 B - a scroll of magic mapping {unknown}
Potions
 d - a potion of resistance
 f - a potion of attraction
 g - a potion of cancellation {unknown}
 h - a potion of brilliance {unknown}
 j - a potion of lignification {unknown}
 l - 3 potions of haste
 m - 2 potions of ambrosia {unknown}
 t - 2 potions of might
 x - 2 potions of curing {unknown}
 z - a potion of flight {unknown}
 C - a potion of mutation {unknown}


   Skills:
 - Level 1.1 Short Blades
 + Level 8.9 Dodging
 * Level 13.1 Stealth
 - Level 2.6 Spellcasting
 * Level 10.5 Hexes


You had 2 spell levels left.
You knew the following spells:

 Your Spells              Type           Power        Failure   Level
e - Tukima's Dance        Hex            44%          1%          3
q - Ensorcelled Hibernat  Hex/Ice        46%          2%          2
r - Dazzling Flash        Conj/Hex       46%          4%          3
w - Confusing Touch       Hex            44%          1%          3

Your spell library contained the following spells:

 Spells                   Type           Power        Failure   Level
 Corona                   Hex            48%          1%          1


Dungeon Overview and Level Annotations

Branches:
Dungeon (6/15)             Temple (1/1) D:4

Altars:
Ashenzari
Cheibriados
Dithmenos
Elyvilon
Gozag
Hepliaklqana
Kikubaaqudgha
Makhleb
Okawaru
Qazlal
Ru
Sif Muna
Trog
Vehumet
Wu Jian
Zin
The Shining One

Annotations:
D:4 exclusion: downstairs


Innate Abilities, Weirdness & Mutations

You are very small and have problems with some larger weapons.
You are too small for most types of armour.
You have supernaturally acute eyesight. (SInv)
You cover ground extremely quickly.


Message History

The bolt of electricity hits you!
Casting: Ensorcelled Hibernation (safe; 2% risk of failure)
Confirm with . or Enter, or press ? or * to list all spells.
Aiming: Ensorcelled Hibernation (safe; 2% risk of failure)
Press: ? - help, Shift-Dir - straight line, f/p - electric eel
Aim: an electric eel (umbra, chance to affect: 62%)
The electric eel looks drowsy...
The helpless electric eel fails to defend itself.
You skewer the electric eel like a kebab!!!
You kill the electric eel!
Dithmenos accepts your kill.
A nearby plant withers and dies.
The electric eel shoots out a bolt of lightning at you!
The bolt of electricity hits you!
You hit the plant.
The plant begins to die.
The plant is lightly damaged.
An electric eel comes into view.
The electric eel shoots out a bolt of lightning at you!
The bolt of electricity hits you!
You die...

#.#
#♣♣P♣P≈PP♣P≈≈P.#....
#.#
P≈♣≈≈≈≈≈≈≈P♣♣.....#
#.#
#≈≈≈≈≈≈≈≈≈≈≈≈♣♣#.#.#
#.# ♣♣≈P≈≈≈≈≈≈P≈≈≈
#.#.# #.#
♣≈≈≈≈≈≈≈≈≈≈≈≈♣♣#.#.#
#.#
♣≈≈≈≈≈≈≈≈≈≈≈P≈♣#.#.#
#.#
♣PP;≈≈≈≈≈≈≈≈≈♣≈#.#.#
#.#
♣;P≈≈≈≈≈≈≈≈≈≈♣≈#.#.#
#.#
#≈♣≈@≈≈≈≈≈≈≈≈≈♣≈..#.#
#.#
♣≈≈≈≈≈≈≈≈≈≈♣≈♣..#.#
#.#
#♣♣≈≈≈≈≈≈≈≈≈≈P♣≈..#.#
#.#
#≈≈≈≈≈≈≈≈≈≈≈≈♣≈####.#
#.#
##♣≈≈P≈≈≈≈≈≈P≈≈......
#.#
#≈≈≈P≈≈≈≈≈≈≈P≈##..##
#.#
#♣≈≈≈≈P≈≈≈≈≈≈♣##..#
#.# #P≈P≈≈≈≈≈≈≈♣♣
##.## #.#
##♣♣≈♣≈≈♣≈≈♣ #...


You could see 2 electric eels.

Vanquished Creatures
  3 yaks (D:6)
  Grum (D:5)
  Menkaure (D:4)
  An ice beast (D:5)
  2 orc warriors (D:6)
  2 ogres (D:4)
  3 wolves
  A centaur (D:5)
  3 gnoll sergeants (D:5)
  A water moccasin zombie (D:4)
  A howler monkey (D:5)
  An electric eel (D:6)
  An orc priest (D:6)
  11 hounds
  2 bullfrog skeletons
  A centaur skeleton (D:4)
  2 gnoll shamans (D:5)
  An orc wizard (D:6)
  5 worker ants
  19 gnolls
  A worker ant zombie (D:4)
  12 adders
  A white imp (D:5)
  An ooze (D:4)
  2 adder zombies (D:4)
  2 worms (D:2)
  A dart slug (D:1)
  5 leopard geckos
  16 orcs
  4 giant cockroaches
  11 goblins
  9 hobgoblins
  11 jackals
  5 kobolds
  2 quokkas
  3 ball pythons
  9 bats
  6 frilled lizards
  A giant cockroach zombie (D:4)
  4 leopard gecko zombies (D:4)
  A quokka zombie (D:4)
  5 rats
174 creatures vanquished.

Vanquished Creatures (others)
  A ball python (D:6)
  A quokka (D:2)
  3 plants (D:6)
  3 withered plants (D:4)
8 creatures vanquished.

Grand Total: 182 creatures vanquished

Notes
Turn   | Place    | Note
-------+----------+-------------------------------------------
     0 | D:1      | teolandon225 the Spriggan Enchanter began the quest for the
                  | Orb.
     0 | D:1      | Reached XP level 1. HP: 9/9 MP: 5/5
   279 | D:1      | Reached XP level 2. HP: 13/13 MP: 6/6
   283 | D:1      | Learned a level 2 spell: Ensorcelled Hibernation
  1033 | D:1      | Reached skill level 5 in Stealth
  1720 | D:2      | Found a white marble altar of Elyvilon.
  2140 | D:2      | Reached XP level 3. HP: 16/16 MP: 8/8
  2298 | D:2      | Found a sacrificial altar of Ru.
  3330 | D:1      | Reached skill level 6 in Stealth
  3330 | D:1      | Reached XP level 4. HP: 21/21 MP: 2/9
  3927 | D:3      | Found a glowing silver altar of Zin.
  4052 | D:3      | Found an opulent altar of Gozag.
  4087 | D:3      | Reached skill level 5 in Hexes
  4510 | D:3      | Reached XP level 5. HP: 17/24 MP: 1/10
  4640 | D:3      | Learned a level 3 spell: Confusing Touch
  4644 | D:3      | Learned a level 3 spell: Tukima's Dance
  4715 | D:3      | You fall into a shaft and drop 1 floor!
  4761 | D:4      | Noticed an ogre
  4941 | D:4      | Killed an ogre
  4942 | D:4      | Reached skill level 7 in Stealth
  5588 | D:4      | Reached XP level 6. HP: 16/28 MP: 8/11
  5881 | D:4      | Found a staircase to the Ecumenical Temple.
  5891 | Temple   | Entered the Ecumenical Temple
  5923 | Temple   | Became a worshipper of Dithmenos the Shadowed
  6934 | D:4      | Found an ancient bone altar of Kikubaaqudgha.
  6943 | D:4      | Noticed Menkaure
  6955 | D:4      | Killed Menkaure
  6956 | D:4      | Reached skill level 5 in Dodging
  6956 | D:4      | Reached skill level 8 in Stealth
  7169 | D:4      | Got a bone hunting sling
  7187 | D:4      | Identified the +3 hunting sling of Qucvul {freeze, Str+5
                  | Int+6 Dex+2} (You found it on level 4 of the Dungeon)
  7688 | D:3      | Found a hazy altar of Hepliaklqana.
  8027 | D:4      | Reached XP level 7. HP: 32/32 MP: 12/12
  8137 | D:4      | Reached skill level 9 in Stealth
  8339 | D:4      | Reached * piety under Dithmenos
  8430 | D:5      | Entered Level 5 of the Dungeon
  8876 | D:4      | Learned a level 3 spell: Dazzling Flash
  9375 | D:5      | You fall into a shaft and drop 1 floor!
  9388 | D:6      | Found an ornate altar of the Wu Jian Council.
  9511 | D:6      | Found a burning altar of Makhleb.
  9825 | D:5      | Reached skill level 10 in Stealth
  9896 | D:4      | Reached XP level 8. HP: 33/36 MP: 2/13
 11275 | D:5      | Reached skill level 11 in Stealth
 11618 | D:5      | Reached ** piety under Dithmenos
 11925 | D:5      | Reached skill level 12 in Stealth
 12069 | D:5      | Reached XP level 9. HP: 39/39 MP: 11/14
 12565 | D:5      | Noticed Grum
 12573 | D:5      | Killed Grum
 12830 | D:6      | Reached skill level 10 in Hexes
 13127 | D:6      | Reached skill level 13 in Stealth
 14065 | D:6      | Killed from afar by an electric eel

Illustrated notes

Levels and vault maps discovered:
D:1:      arrival_zaba_pyramid, layout_basic
D:2:      layout_basic, overflow_temple_1_default, grunt_decor_arrowhead,
          elyvilon_altar_4
D:3:      layout_basic, pdpol_temple_overflow_zin_treasury_gozag_greed,
          nzn_hepliaklqana_mist_gate
D:4:      layout_basic, kiku_gazebo_pond_becter, minmay_temple_entry_grid,
          serial_undead, serial_undead_b, serial_undead_a, serial_undead_c,
          serial_undead_d, serial_undead_b, serial_undead_d, serial_undead_f,
          uniq_menkaure
D:5:      layout_cave_pools, serial_gnoll_camp, gnoll_camp_mini_loothouse,
          grums_kennel, gnoll_camp_mini_house, gnoll_camp_huts_moat,
          gnoll_camp_mini_hut
D:6:      layout_basic, nicolae_overflow_hidden_temple, lemuel_doored_altar,
          ebering_dispersal_statue_hall, serial_bayou_lake_a
Temple:   jpeg_temple_island

Skill      XL: |  1  2  3  4  5  6  7  8  9 |
---------------+----------------------------+-----
Hexes          | 4 5 6 7 9 10 | 10.5
Stealth        | 5 6 7 8 10 12 13 | 13.1
Dodging        | 4 5 6 8 |  8.9
Short Blades   | |  1.1
Spellcasting   | |  2.6

Action                   |  1- 3 |  4- 6 |  7- 9 || total
-------------------------+-------+-------+-------++-------
Melee: Dagger            |   101 |   135 |   129 ||   365
 Fire: Hunting sling     |       |     8 |     4 ||    12
 Cast: Corona            |     3 |     1 |       ||     4
       Ensorcelled Hiber |    61 |    49 |    99 ||   209
       Confusing Touch   |       |     9 |     4 ||    13
       Dazzling Flash    |       |       |     1 ||     1
  Use: Scroll            |     1 |       |    13 ||    14
 Stab: Sleeping          |    38 |    32 |    74 ||   144
       Confused          |       |     6 |     5 ||    11
       Invisible         |       |       |     1 ||     1
Armor: Robe              |    15 |    18 |     5 ||    38
Dodge: Dodged            |   117 |   159 |   190 ||   466
